 Dungeon Crawl Stone Soup version 5.2-56-g927a965 (webtiles) character file.

100 patheticliltramp the Basher (level 13, -1/134 HPs) *CASUAL*
             Began as a Minotaur Fighter on Dec 28, 2017.
             Was an Elder of Wu Jian.
             Killed by divine providence
             ... invoked by a meliai
              (8 damage)
             ... on level 12 of the Dungeon on Dec 29, 2017.
             The game lasted 00:30:12 (10044 turns).

patheticliltramp the Basher (Minotaur Fighter)     Turns: 10044, Time: 00:30:12

Health: -1/134     AC: 15 (24%)Str: 26  XL:     13   Next: 7%
Magic:  21/21      EV: 10    Int:  5    God:    Wu Jian [4*[112]]
Gold:   811        SH: 14    Dex: 20    Spells: 12/12 levels left

rFire    . . .     SeeInvis .   o - +1 flail (protect)
rCold    + . .     Faith    .   h - +1 shield {reflect}
rNeg     . . .     Spirit   .   H - +1 ring mail "Dama" {rC+ rCorr MP+9 Stlth+}
rPois    .         Reflect  +   y - +0 hat
rElec    .                      E - +0 cloak {Stlth+}
rCorr    +                      (no gloves)
MR       .....                  (no boots)
Stlth    +++.......             (no amulet)
Regen    0.4/turn               w - +5 ring of strength
MPRegen  0.3/turn               t - +5 ring of dexterity

@: no status effects
A: retaliatory headbutt, horns 2, blurry vision 1, robust 1, screaming 1, sturdy
frame
a: Serpent's Lash, Renounce Religion


You were on level 12 of the Dungeon.
You worshipped Wu Jian.
Wu Jian was greatly pleased with you.
You were not hungry.

You visited 1 branch of the dungeon, and saw 12 of its levels.

You collected 811 gold pieces.

Inventory:

Hand Weapons
 o - a +1 flail of protection (weapon)
Missiles
 a - 1193 arrows
 g - 764 bolts
 l - 3537 stones (quivered)
 s - 129 tomahawks
 G - 100 poisoned darts
Armour
 h - a +1 shield of reflection (worn)
 y - a +0 hat (worn)
 E - a +0 cloak of stealth (worn)
 H - the +1 ring mail "Dama" (worn) {rC+ rCorr MP+9 Stlth+}
   (You found it on level 10 of the Dungeon)

   It protects you from cold.
   It affects your magic capacity (+9).
   It protects you from acid and corrosion.
   It makes you more stealthy.
Jewellery
 b - an uncursed ring of protection from magic
 n - an uncursed ring of positive energy
 t - a +5 ring of dexterity (right hand)
 w - a +5 ring of strength (left hand)
 D - an uncursed ring of see invisible
 F - an uncursed ring of protection from magic
Wands
 r - a wand of flame (10)
 B - a wand of digging (9)
Scrolls
 c - 4 scrolls of enchant armour
 e - 4 scrolls of magic mapping
 j - 2 scrolls of teleportation
 k - 2 scrolls of enchant weapon
 p - 3 scrolls of amnesia
 q - 3 scrolls of fear
 v - a scroll of brand weapon
 C - 3 scrolls of blinking
 I - a scroll of fog
Potions
 d - 3 potions of augmentation
 f - 4 potions of curing
 i - 5 potions of heal wounds
 m - a potion of invisibility
 u - 2 potions of resistance
 x - a potion of haste
 z - a potion of ambrosia
 A - a potion of cancellation


   Skills:
 - Level 13.1 Fighting
 - Level 14.6 Maces & Staves
 * Level 14.5 Armour
 + Level 10.9 Shields


You had 12 spell levels left.
You didn't know any spells.

Dungeon Overview and Level Annotations

Branches:
Dungeon (12/15)

Altars:
Cheibriados
Dithmenos
Elyvilon
Gozag
Hepliaklqana
Jiyva
Kikubaaqudgha
Makhleb
Nemelex Xobeh
Okawaru
Qazlal
Ru
Sif Muna
Trog
Uskayaw
Vehumet
Wu Jian
Xom
Yredelemnul
Zin
The Shining One

Portals:
Bailey: D:12


Innate Abilities, Weirdness & Mutations

You reflexively headbutt those who attack you in melee.
You have a pair of horns on your head.
Scrolls take you a little longer to read.
You are robust. (+10% HP)
You occasionally shout uncontrollably at your foes.
Your movements are less encumbered by armour. (ER -6)


Message History

The meliai stings you (7)!
* * * LOW HITPOINT WARNING * * *
The meliai hits you but does no damage. The meliai barely misses you.
The deep elf mage hits you (8)!
* * * LOW HITPOINT WARNING * * *
The ice beast closely misses you. You furiously retaliate!
You headbutt the ice beast, but do no damage.
Found a +0 halberd.
Really read with blurry vision while enemies are nearby?
The meliai hits you with a +3 broad axe (9)!
* * * LOW HITPOINT WARNING * * *
You block the meliai's attack.
The meliai hits you with a +0 hand axe (2).
* * * LOW HITPOINT WARNING * * *
You block the meliai's attack. The meliai barely misses you.
The meliai stings you (9)!
* * * LOW HITPOINT WARNING * * *
The meliai calls down the wrath of its god upon you.
Something smites you (8)!
You die...

**,*,,**,**,***,*******
**........#*,,,,,,,,,,,,
**,*........,,..,********
**,**#.)∩)..#*.(.,,,,,,,,,
**>** #..)...##.#**********
*,** #....V....*
**,#####..y#..#**
*******.....#y.#.#
*,,,,,,......Y@y!#####
*,*****#...#yyey.....# *,*
#***#...###.#[#
*.##########.### *,#,*
*..........J# *,*,* *****
*##########J######..∩*****,,,*
###########
#..JJ.JJ..,,,,,,,,,*
..........#
#..####..#,*,,,,,,,*
#########.###..#
*,,*,******,,*


You could see 2 slime creatures, a deep elf mage, a vampire, an ice beast and 6
meliai.

Vanquished Creatures
  2 hydras
  A two-headed ogre (D:8)
  An orc high priest (D:10)
  An unseen horror (D:11)
  Pikel (D:9)
  An orc sorcerer (D:10)
  An ugly thing (D:11)
  2 spiny frogs
  Psyche (D:9)
  7 blink frogs
  A meliai zombie (D:9)
  Sigmund (D:5)
  A shadow (D:10)
  A centaur simulacrum (D:11)
  A wraith (D:10)
  2 wyverns
  A steam dragon (D:11)
  2 wargs (D:10)
  2 water moccasins
  3 ice beasts
  A spiny frog skeleton (D:7)
  8 orc warriors
  2 slaves (D:9)
  5 ogres
  A wasp (D:11)
  10 centaurs
  A blink frog skeleton (D:8)
  A bullfrog (D:6)
  2 water moccasin zombies
  A gnoll sergeant (D:8)
  2 wyvern zombies
  A wyvern skeleton (D:11)
  2 scorpions (D:5)
  A water moccasin skeleton (D:8)
  6 howler monkeys
  3 crimson imps
  9 killer bees
  3 wights (D:9)
  3 jellies
  2 centaur zombies
  A bullfrog zombie (D:5)
  A quasit (D:7)
  3 hounds
  6 orc priests
  A gnoll shaman (D:7)
  12 orc wizards
  2 centaur skeletons
  4 worker ants
  2 iguanas (D:4)
  A hound zombie (D:6)
  10 gnolls
  9 adders
  2 shadow imps
  An ooze (D:5)
  3 dart slugs
  26 orcs
  8 quokkas
  A bat zombie (D:2)
  4 giant cockroaches
  4 goblins
  11 hobgoblins
  6 jackals
  A ball python (D:1)
  6 bats
  5 frilled lizards
  6 kobolds
  11 rats
244 creatures vanquished.

Vanquished Creatures (others)
  A slave (D:9)
  3 centaurs
  2 orcs (D:5)
6 creatures vanquished.

Grand Total: 250 creatures vanquished

Notes
Turn   | Place    | Note
-------+----------+-------------------------------------------
     0 | D:1      | patheticliltramp the Minotaur Fighter began the quest for the Orb.
     0 | D:1      | Reached XP level 1. HP: 19/19 MP: 0/0
    35 | D:1      | Reached XP level 2. HP: 26/27 MP: 1/1
   257 | D:1      | Reached XP level 3. HP: 32/33 MP: 2/2
   919 | D:2      | Reached XP level 4. HP: 40/41 MP: 3/3
   950 | D:2      | Gained mutation: You occasionally shout uncontrollably at your foes. [potion of mutation]
   950 | D:2      | Gained mutation: Your mind is acute. (Int +5) [potion of mutation]
   950 | D:2      | Gained mutation: You are frail. (-10% HP) [potion of mutation]
   950 | D:2      | Gained mutation: You possess an exceptional clarity of mind. [potion of mutation]
  1068 | D:2      | Found a shimmering altar of Xom.
  1160 | D:2      | Found a hide-covered altar of Uskayaw.
  1235 | D:2      | Found a faded altar of an unknown god.
  1240 | D:2      | Reached skill level 5 in Maces & Staves
  1275 | D:2      | Found a basalt altar of Yredelemnul.
  1282 | D:2      | Reached skill level 5 in Fighting
  1325 | D:2      | Reached XP level 5. HP: 43/43 MP: 4/4
  1495 | D:2      | Found an ancient bone altar of Kikubaaqudgha.
  1569 | D:2      | Found a burning altar of Makhleb.
  1988 | D:3      | Found a deep blue altar of Sif Muna.
  2023 | D:3      | Found an ornate altar of the Wu Jian Council.
  2029 | D:3      | Became a worshipper of the Wu Jian Council
  2480 | D:3      | Found a glowing silver altar of Zin.
  2480 | D:3      | Noticed an angel
  2589 | D:4      | Found a stormy altar of Qazlal.
  2610 | D:4      | Reached XP level 6. HP: 49/51 MP: 5/5
  2653 | D:4      | Found a viscous altar of Jiyva.
  2816 | D:4      | Found a shadowy altar of Dithmenos.
  2817 | D:4      | Found a hazy altar of Hepliaklqana.
  2852 | D:4      | Found a sparkling altar of Nemelex Xobeh.
  2910 | D:4      | Reached XP level 7. HP: 56/56 MP: 6/6
  2958 | D:4      | Found a white marble altar of Elyvilon.
  3067 | D:4      | Noticed a water elemental
  3068 | D:4      | Noticed a fire elemental
  3068 | D:4      | Noticed an air elemental
  3169 | D:4      | Found a sacrificial altar of Ru.
  3481 | D:5      | Entered Level 5 of the Dungeon
  3519 | D:5      | Found a radiant altar of Vehumet.
  3534 | D:5      | Reached XP level 8. HP: 58/65 MP: 7/7
  3544 | D:5      | Reached * piety under Wu Jian
  3545 | D:5      | Reached skill level 10 in Maces & Staves
  3547 | D:5      | Noticed Sigmund
  3558 | D:5      | Killed Sigmund
  3559 | D:5      | Found an iron altar of Okawaru.
  3888 | D:5      | Noticed a moth of wrath
  3891 | D:5      | Found a bloodstained altar of Trog.
  4012 | D:5      | Found an opulent altar of Gozag.
  4012 | D:5      | Found a snail-covered altar of Cheibriados.
  4265 | D:6      | Reached XP level 9. HP: 74/74 MP: 8/8
  4415 | D:6      | Reached ** piety under Wu Jian
  4456 | D:6      | Found a hazy altar of Hepliaklqana.
  4797 | D:6      | Reached skill level 10 in Fighting
  5404 | D:7      | Lost mutation: You are frail. (-10% HP) [potion of mutation]
  5404 | D:7      | Lost mutation: You possess an exceptional clarity of mind. [potion of mutation]
  5404 | D:7      | Lost mutation: Your mind is acute. (Int +5) [potion of mutation]
  5404 | D:7      | Gained mutation: Your movements are less encumbered by armour. (ER -6) [potion of mutation]
  5404 | D:7      | Gained mutation: Scrolls take you a little longer to read. [potion of mutation]
  5404 | D:7      | Gained mutation: You are robust. (+10% HP) [potion of mutation]
  5441 | D:7      | Reached XP level 10. HP: 93/105 MP: 9/9
  5703 | D:7      | Found a glowing golden altar of the Shining One.
  5768 | D:7      | Reached *** piety under Wu Jian
  6262 | D:8      | Noticed a two-headed ogre
  6270 | D:8      | Killed a two-headed ogre
  6692 | D:9      | Noticed Psyche
  6699 | D:9      | Killed Psyche
  6699 | D:9      | Reached XP level 11. HP: 117/117 MP: 10/10
  6788 | D:9      | Reached skill level 5 in Armour
  7015 | D:9      | Reached skill level 5 in Shields
  7026 | D:9      | Noticed Pikel
  7034 | D:9      | Killed Pikel
  7210 | D:9      | Noticed a six-headed hydra
  7219 | D:9      | Killed a six-headed hydra
  7507 | D:10     | Entered Level 10 of the Dungeon
  7861 | D:10     | Reached **** piety under Wu Jian
  7938 | D:10     | Noticed an orc sorcerer
  7939 | D:10     | Paralysed by an orc sorcerer for 3 turns
  7960 | D:10     | Killed an orc sorcerer
  7960 | D:10     | Reached skill level 10 in Armour
  8268 | D:10     | Noticed an orc high priest
  8304 | D:10     | Killed an orc high priest
  8304 | D:10     | Reached XP level 12. HP: 105/126 MP: 11/11
  8729 | D:10     | Got the +1 ring mail "Dama" {rC+ rCorr MP+9 Stlth+}
  9561 | D:11     | Reached skill level 10 in Shields
  9906 | D:12     | Noticed a six-headed hydra
  9924 | D:12     | Killed a six-headed hydra
  9924 | D:12     | Reached XP level 13. HP: 84/134 MP: 12/12
 10040 | D:12     | Found a flagged portal.
 10044 | D:12     | Killed from afar by a meliai

Skill      XL: |  1  2  3  4  5  6  7  8  9 10 11 12 |
---------------+-------------------------------------+-----
Maces & Staves | 3 4 5 6 7 9 11 13 14 | 14.6
Fighting       | 4 5 6 7 9 11 13 | 13.1
Armour         | 4 10 14 | 14.5
Shields        | 4 8 10 | 10.9

Action                   |  1- 3 |  4- 6 |  7- 9 | 10-12 | 13-15 || total
-------------------------+-------+-------+-------+-------+-------++-------
Melee: Flail             |    53 |    94 |   150 |   404 |    18 ||   719
       Headbutt          |    10 |    16 |    36 |   116 |     6 ||   184
Invok: Serpent's Lash    |       |       |       |     1 |       ||     1
Evoke: Wand              |       |       |     2 |     4 |     3 ||     9
  Use: Potion            |       |     1 |     1 |       |       ||     2
       Scroll            |       |       |       |     1 |     2 ||     3
 Stab: Sleeping          |       |       |       |     5 |       ||     5
Armor: Scale mail        |    22 |    38 |    37 |    78 |       ||   175
       Ring mail         |       |       |       |    44 |    14 ||    58
Dodge: Dodged            |    17 |    25 |    28 |    81 |    24 ||   175
Block: Shield            |    27 |    55 |    55 |   195 |    34 ||   366
       Reflection        |       |     1 |     3 |    15 |     9 ||    28
